 Dungeon Crawl Stone Soup version 0.27.1 (webtiles) character file.

Game seed: 12644385997519940794

1093 Atelerd the Magician (level 8, -8/46 HPs)
             Began as an Octopode Earth Elementalist on Sept 4, 2021.
             Mangled by a steam dragon (11 damage)
             ... on level 6 of the Dungeon.
             The game lasted 00:07:27 (7284 turns).

Atelerd the Magician (Octopode Earth Elementalist)  Turns: 7284, Time: 00:07:28

Health: -8/46      AC:  1    Str:  8    XL:     8   Next: 31%
Magic:  14/16      EV: 13    Int: 19    God:
Gold:   226        SH:  0    Dex: 12    Spells: 13/18 levels left

rFire    + . .     SeeInvis .   n - +1 short sword (elec)
rCold    + . .     Faith    .   (no shield)
rNeg     . . .     Spirit   .   g - +0 hat
rPois    +         Reflect  .   (no amulet)
rElec    +         Harm     .   (no ring)
rCorr    +         Rampage  .   (no ring)
Will     .....                  (no ring)
Stlth    ++++......             (no ring)
HPRegen  0.15/turn              (no ring)
MPRegen  0.15/turn              (no ring)
                                (no ring)
                                (no ring)

@: mighty, resistant, flying
A: almost no armour, amphibious, 8 rings, camouflage 1, gelatinous body 1,
(nimble swimmer 1), tentacles
a: no special abilities


You were on level 6 of the Dungeon.
You visited 1 branch of the dungeon, and saw 6 of its levels.

You collected 226 gold pieces.

Inventory:

Hand Weapons
 f - a +0 dagger
 n - a +1 short sword of electrocution (weapon)
Missiles
 b - 23 stones
Armour
 g - a +0 hat (worn)
 h - a +0 buckler
Jewellery
 u - a ring of ice
Wands
 q - a wand of digging (3)
 t - a wand of polymorph (6)
Scrolls
 a - 2 scrolls of noise {unknown}
 d - 8 scrolls of identify {unknown}
 e - 3 scrolls of immolation {unknown}
 k - 2 scrolls of teleportation {unknown}
 r - a scroll of fog {unknown}
 s - a scroll of enchant armour {unknown}
 v - a scroll of summoning {unknown}
Potions
 c - a potion of curing {unknown}
 i - a potion of lignification {unknown}
 l - a potion of might
 m - a potion of attraction {unknown}
 o - a potion of berserk rage {unknown}
 p - a potion of haste {unknown}


   Skills:
 - Level 2.0 Dodging
 * Level 5.0 Stealth
 * Level 3.7 Shields
 - Level 5.5 Spellcasting
 - Level 4.0 Transmutations
 + Level 5.0 Earth Magic


You had 13 spell levels left.
You knew the following spells:

 Your Spells              Type           Power      Damage    Failure   Level
a - Sandblast             Erth           48%        2d12      1%          1
p - Petrify               Tmut/Erth      22%        N/A       19%         4

Your spell library contained the following spells:

 Spells                   Type           Power      Damage    Failure   Level
 Passwall                 Tmut/Erth      18%        N/A       2%          2
 Stone Arrow              Conj/Erth      28%        3d8       12%         3


Dungeon Overview and Level Annotations

Branches:
Dungeon (6/15)
 Temple: D:4-7

Altars:
Nemelex Xobeh

Annotations:
D:1 exclusion: downstairs


Innate Abilities, Weirdness & Mutations

You cannot wear most types of armour.
You are amphibious.
You can wear up to eight rings at the same time.
Your skin changes colour to match your surroundings (Stealth+).
Your rubbery body absorbs attacks. (AC +1, EV +1)
((You are camouflaged near water. (Stealth+)))
You have tentacles for arms and can constrict up to eight enemies at once.


Message History

Confirm with . or Enter, or press ? or * to list all spells.
Aiming: Sandblast (safe; 1% risk of failure)
Press: ? - help, Shift-Dir - straight line, f/p - steam dragon
Aim: a steam dragon (moderately wounded, catching its breath, 81% to hit)
Okay, then.
You hit the steam dragon but do no damage.
The steam dragon is moderately wounded.
The steam dragon bites you. The steam dragon claws you.
* * * LOW HITPOINT WARNING * * *
Unknown command.
Okay, then.
Casting: Sandblast (safe; 1% risk of failure)
Confirm with . or Enter, or press ? or * to list all spells.
Aiming: Sandblast (safe; 1% risk of failure)
Press: ? - help, Shift-Dir - straight line, f/p - steam dragon
Aim: a steam dragon (moderately wounded, 81% to hit)
The blast of sand hits the steam dragon!
The steam dragon is severely wounded.
The steam dragon breathes steam at you. The ball of steam misses you.
Unknown command.
The steam dragon bites you but does no damage.
The steam dragon claws you.
* * * LOW HITPOINT WARNING * * *
Unknown command.
Unknown command.
It was a potion of might.
You feel very mighty all of a sudden. The steam dragon barely misses you.
The steam dragon claws you.
* * * LOW HITPOINT WARNING * * *
It was a potion of resistance.
You feel protected.
The steam dragon bites you but does no damage.
The steam dragon barely misses you.
It was a potion of flight.
You feel very buoyant.
You fly up into the air.
An adder comes into view.
The steam dragon bites you!
You die...

÷.<###.##<###...####.
#..# #.##.###...#
...###.##.......#
.......<..)...#.#######.
.......########.#.S§.D..
...##### #...# #.##
##..# #.# #.D# #. #@.#
#. #.§# #[ #..# #.§#
#.§# #... #.## #.#


You could see a steam dragon and an adder (wandering).

Vanquished Creatures
  A centaur (D:5)
  2 phantoms
  3 scorpions
  A wyvern zombie (D:5)
  A water moccasin skeleton (D:5)
  A bullfrog zombie (D:5)
  A centaur zombie (D:5)
  An orc priest (D:6)
  2 hounds
  A jelly (D:5)
  Crazy Yiuf (D:3)
  2 iguanas
  Natasha (thrice) (D:2)
  3 orc wizards
  9 adders
  3 worms
  A dart slug (D:5)
  16 orcs
  A ball python (D:2)
  2 endoplasms
  A giant cockroach (D:2)
  2 goblins
  3 hobgoblins
  6 jackals
  A quokka (D:1)
  3 bats
  2 frilled lizards
  7 kobolds
  5 rats
85 creatures vanquished.

Vanquished Creatures (others)
  A fungus (D:3)
1 creature vanquished.

Grand Total: 86 creatures vanquished

Notes
Turn   | Place    | Note
-------+----------+-------------------------------------------
     0 | D:1      | Atelerd the Octopode Earth Elementalist began the quest for
                  | the Orb.
     0 | D:1      | Reached XP level 1. HP: 11/11 MP: 3/3
   301 | D:1      | Reached XP level 2. HP: 9/17 MP: 0/5
  1400 | D:2      | Reached XP level 3. HP: 21/21 MP: 4/6
  1680 | D:2      | Noticed Natasha
  1688 | D:2      | Killed Natasha
  1689 | D:2      | Reached XP level 4. HP: 21/27 MP: 5/8
  1972 | D:2      | Noticed a phantom
  1984 | D:2      | Killed a phantom
  1985 | D:2      | Reached XP level 5. HP: 22/31 MP: 4/9
  1992 | D:2      | Noticed Natasha
  2012 | D:2      | Killed Natasha
  2174 | D:2      | Noticed Natasha
  2181 | D:2      | Killed Natasha
  2512 | D:3      | Found a faded altar of an unknown god.
  2574 | D:3      | Noticed an ice beast
  2777 | D:1      | Learned a level 4 spell: Petrify
  3313 | D:3      | Reached XP level 6. HP: 30/36 MP: 9/11
  3664 | D:3      | Found a runed translucent door.
  3665 | D:3      | Noticed Crazy Yiuf
  4024 | D:3      | Killed Crazy Yiuf
  4273 | D:4      | Found a sparkling altar of Nemelex Xobeh.
  4973 | D:5      | Entered Level 5 of the Dungeon
  4988 | D:5      | Reached skill level 5 in Earth Magic
  4988 | D:5      | Reached XP level 7. HP: 36/41 MP: 13/13
  5437 | D:5      | Reached skill level 5 in Spellcasting
  5724 | D:5      | Reached skill level 1 in Shields
  6310 | D:5      | Reached XP level 8. HP: 46/46 MP: 4/16
  7243 | D:6      | Reached skill level 5 in Stealth
  7284 | D:6      | Mangled by a steam dragon

Illustrated notes

Levels and vault maps discovered:
D:1:      minmay_arrival_widening_spiral_wide, layout_basic
D:2:      layout_loops_ring, uniq_natasha
D:3:      layout_basic, hellmonk_ecumenical_altar_run_dry,
          uniq_crazy_yiuf_cottage
D:4:      layout_loops_cross, mainiacjoe_overflow_chevrons
D:5:      layout_basic, chequers_serial_rivers_marsh, st_stairs_3
D:6:      layout_loops_ring, minmay_temple_entry_junction_2,
          kennysheep_generic_room_11

Skill      XL: |  1  2  3  4  5  6  7  8 |
---------------+-------------------------+-----
Transmutations | 2 3 4 |  4.0
Spellcasting   | 3 4 5 |  5.5
Earth Magic    | 4 5 |  5.0
Stealth        | 4 5 |  5.0
Shields        | 2 3 |  3.7
Dodging        | |  2.0

Action                   |  1- 3 |  4- 6 |  7- 9 || total
-------------------------+-------+-------+-------++-------
Melee: Unarmed           |    16 |       |       ||    16
       Constrict         |    12 |    14 |    14 ||    40
       Dagger            |    27 |    39 |       ||    66
       Tentacles         |     5 |    13 |     7 ||    25
       Short sword       |       |    25 |    53 ||    78
 Cast: Sandblast         |    27 |    28 |    33 ||    88
       Petrify           |       |     1 |     2 ||     3
  Use: Potion            |       |       |     3 ||     3
 Stab: Sleeping          |     3 |     5 |     3 ||    11
       Petrified         |       |     4 |     6 ||    10
       Petrifying        |       |     1 |       ||     1
Armor: Skin              |    14 |     1 |     5 ||    20
Dodge: Dodged            |    44 |    45 |    40 ||   129
